 Dungeon Crawl Stone Soup version 0.28-a0-925-gd5e1996cdb (webtiles) character file.

Game seed: 8398304484832916585

18 blank1 the Covered (level 2, -1/27 HPs)
             Began as a Minotaur Fighter on Nov 27, 2021.
             Succumbed to a kobold's poison
             ... on level 1 of the Dungeon.
             The game lasted 00:00:48 (419 turns).

blank1 the Covered (Minotaur Fighter)                Turns: 419, Time: 00:00:48

Health: -1/27      AC:  7    Str: 20    XL:     2   Next: 48%
Magic:  1/1        EV:  9    Int:  5    God:
Gold:   35         SH:  4    Dex:  9    Spells: 1/1 levels left

rFire   . . .      SeeInvis .   a - +0 flail
rCold   . . .      Faith    .   c - +0 buckler
rNeg    . . .      Spirit   .   b - +0 scale mail
rPois   .          Reflect  .   (helmet restricted)
rElec   .          Harm     .   (no cloak)
rCorr   .          Rampage  .   (no gloves)
Will    .....                   (no boots)
Stlth   ..........              (no amulet)
HPRegen 0.09/turn               (no ring)
MPRegen 0.07/turn               (no ring)

@: lethally poisoned (-1 -> -8)
A: horns 2, retaliatory headbutt
a: no special abilities


You were on level 1 of the Dungeon.
You visited 1 branch of the dungeon, and saw 1 of its levels.

You collected 35 gold pieces.

Inventory:

Hand Weapons
 a - a +0 flail (weapon)
Missiles
 e - 2 throwing nets (quivered)
Armour
 b - a +0 scale mail (worn)
 c - a +0 buckler (worn)
Scrolls
 f - 3 scrolls of identify {unknown}
 g - a scroll of torment {unknown}
Potions
 d - a potion of might


   Skills:
 + Level 3.8 Fighting
 + Level 2.7 Maces & Flails
 + Level 3.9 Armour
 + Level 0.8 Dodging
 + Level 3.9 Shields


You had one spell level left.
You didn't know any spells.
Your spell library was empty.

Dungeon Overview and Level Annotations

Branches:
Dungeon (1/15)

Altars:


Innate Abilities, Weirdness & Mutations

You have a pair of horns on your head.
You reflexively headbutt those who attack you in melee.


Message History

You kill the goblin!
The kobold throws a stone.
The stone hits you but does no damage.
Things that are here:
a +0 dagger; a goblin corpse You barely miss the kobold.
The kobold hits you with a +0 dagger of venom.
You are poisoned.
The kobold hits you but does no damage.
You are more poisoned.
You closely miss the kobold.
You feel very sick. You block the rat's attack.
The kobold hits you but does no damage.
You are lethally poisoned!
You closely miss the kobold.
You feel very sick. You block the rat's attack. The kobold barely misses you.
You miss the kobold. You headbutt the kobold.
You kill the kobold!
You feel very sick. The rat bites you but does no damage. The rat bites you.
* * * LOW HITPOINT WARNING * * *
You are too injured to fight recklessly!
You are too injured to fight recklessly!
You are too injured to fight recklessly!
You are too injured to fight recklessly!
You are too injured to fight recklessly!
You are too injured to fight recklessly!
Okay, then.
You sock the rat!
You kill the rat!
* * * LOW HITPOINT WARNING * * *
You feel very sick.
Found 6 gold pieces.
* * * LOW HITPOINT WARNING * * *
You feel very sick.
You see here 14 gold pieces.
You now have 35 gold pieces (gained 14).
* * * LOW HITPOINT WARNING * * *
You feel sick.
You die...

##......#......##
#..##.....#...
#....#.#'..#
###..........
#....###.#.#.
#.#......(....
#...#...##...#
#..###.......#
###.#@#)##....#
#......)(# ...[
#..##.8.## .##
#.##..(... # #
##.#.#...
..###..## ##.. .#
##. . ..


There were no monsters in sight!

Vanquished Creatures
  2 dart slugs (D:1)
  3 endoplasms (D:1)
  A goblin (D:1)
  3 kobolds (D:1)
  A quokka (D:1)
  A frilled lizard (D:1)
  2 rats (D:1)
13 creatures vanquished.

Notes
Turn   | Place    | Note
-------+----------+-------------------------------------------
     0 | D:1      | blank1 the Minotaur Fighter began the quest for the Orb.
     0 | D:1      | Reached XP level 1. HP: 19/19 MP: 0/0
   238 | D:1      | Reached XP level 2. HP: 23/27 MP: 1/1
   322 | D:1      | Found a faded altar of an unknown god.
   418 | D:1      | HP: 1/27 [poisoned by a kobold]
   419 | D:1      | Succumbed to a kobold's poison

Illustrated notes

Levels and vault maps discovered:
D:1:      sevenhm_arrival_forest_fort_large_4, layout_loops_corners,
          hellmonk_ecumenical_altar_blasted, minmay_hexomino_u4

Action                   || total
-------------------------++-------
Melee: Flail             ||    21
       Headbutt          ||     2
Armor: Scale mail        ||     8
Dodge: Dodged            ||     3
Block: Buckler           ||     6

Table legend: (Time is in decaauts)
 A = Elapsed time spent in this place.
 B = Non-inter-level travel time spent in this place.
 C = Inter-level travel time spent in this place.
 D = Time resting spent in this place.
 E = Time spent auto-exploring this place.
 F = Levels seen in this place.
 G = Mean time per level.
                   A        B        C        D        E       F      G
               +--------+--------+--------+--------+--------+-----+--------+
         Total |    425 |    425 |      0 |      0 |    356 |   1 |  425.0 |
       Dungeon |    425 |    425 |      0 |      0 |    356 |   1 |  425.0 |
               +--------+--------+--------+--------+--------+-----+--------+

Top non-repeatable levels by time:
     D:1: 425 daAuts
